AoeStats
← Lucasavend

Black Forest

510510182Analyzed
4v4 RM · 1d ago on Oct 1, 2026· 31m 16s· 8 players
Game mode
Random Map
Map size
Large (8 player)
Population
200
Speed
Normal
Resources
Standard
Victory
Conquest
Starting age
Dark Age
Ending age
Imperial Age
RankedLock teamsTeams togetherTeam positionsShared explorationLock speedFull tech treeHidden civsTurbo modeCheats
Victory
Defeat
🇨🇳 Wu · China
707
+12
🇦🇷 Romans · Argentina
639
+15
🇮🇳 Huns · India
592
+17
🇨🇱 Mapuche · Chile
521
+19
🇩🇪 Mongols · Germany
779
-23
🇮🇳 Bohemians · India
601
-15
🇮🇳 Khmer · India
541
-13
🇬🇧 Tatars · United Kingdom
517
-12
Lucasavend
0:30 Loom
12:45 Feudal Age
23:50 Castle Age
23:06 Wheelbarrow
22:22 Town Watch
23:02 Double-Bit Axe
23:13 Gold Mining
23:23 Stone Mining
23:18 Horse Collar
30:15 Bow Saw
30:11 Heavy Plow
House of Huns
0:36 Loom
14:22 Feudal Age
18:55 Castle Age
16:49 Double-Bit Axe
16:48 Horse Collar
22:25 Caravan
27:28 Heavy Plow
27:41 Bow Saw
27:26 Gold Mining
30:12 Forging
30:07 Scale Barding Armor
33:39 Imperial Age
31:45 Wheelbarrow
30:56 Town Watch
31:42 Town Patrol
32:22 Iron Casting
32:07 Chain Barding Armor
32:31 Gold Shaft Mining
Miky Way
0:35 Loom
11:54 Feudal Age
13:17 Double-Bit Axe
13:14 Horse Collar
18:43 Castle Age
18:22 Scale Mail Armor
18:32 Forging
18:21 Arson
19:30 Wheelbarrow
20:52 Squires
21:24 Bow Saw
28:01 Chain Mail Armor
28:22 Iron Casting
30:02 Hand Cart
Franco Joao G
1:12 Loom
13:27 Feudal Age
17:41 Double-Bit Axe
20:32 Horse Collar
23:23 Castle Age
21:21 Stone Mining
23:57 Gold Mining
25:10 Caravan
27:59 Gold Shaft Mining
27:30 Fishing Lines
28:13 Elite Skirmisher
29:06 Gillnets
32:45 Imperial Age
KnightsTemplar
10:57 Loom
12:45 Feudal Age
11:07 Loom
14:08 Double-Bit Axe
14:07 Horse Collar
18:38 Wheelbarrow
22:19 Castle Age
20:11 Man-at-Arms
20:36 Arson
21:00 Stone Mining
21:03 Gold Mining
23:07 Scale Barding Armor
23:13 Forging
22:54 Fletching
24:02 Gold Shaft Mining
23:34 Scale Mail Armor
23:35 Padded Archer Armor
24:58 Husbandry
26:50 Bloodlines
28:29 Hand Cart
29:34 Light Cavalry
ShrouD
16:08 Feudal Age
17:39 Wheelbarrow
17:38 Stone Mining
17:38 Gold Mining
17:31 Horse Collar
17:41 Double-Bit Axe
21:25 Castle Age
19:39 Town Watch
23:13 Hand Cart
sascha.m.89x
11:35 Feudal Age
13:03 Wheelbarrow
12:34 Double-Bit Axe
12:31 Horse Collar
17:29 Stone Mining
20:45 Castle Age
22:10 Bow Saw
22:05 Heavy Plow
22:48 Stone Shaft Mining
22:34 Hand Cart
26:51 Gold Mining
30:19 Gold Shaft Mining
30:08 Ballistics
29:48 Fletching
30:35 Bodkin Arrow
30:41 Padded Archer Armor
A11Wolv3rin3
0:58 Loom
17:52 Feudal Age
18:30 Fishing Lines
18:32 Horse Collar
18:40 Double-Bit Axe
25:09 Castle Age
26:16 Bow Saw
28:12 Gillnets
28:27 Heavy Plow
Connection lost

Rejoining the realm…

Still unreachable

The connection could not be restored.

Session expired

The server has moved on; the page needs a fresh start.